 Dungeon Crawl Stone Soup version 0.23-a0-296-ga3b1b28 (webtiles) character file.

20 iamserjio the Sneak (level 2, 0/18 HPs)
             Began as an Octopode Enchanter on Oct 5, 2018.
             Slain by a worm (9 damage)
             ... on level 2 of the Dungeon.
             The game lasted 00:02:06 (298 turns).

iamserjio the Sneak (Octopode Enchanter)             Turns: 298, Time: 00:02:06

Health: 0/18       AC:  1    Str:  7    XL:     2   Next: 79%
Magic:  1/5        EV: 13    Int: 17    God:
Gold:   32         SH:  0    Dex: 12    Spells: 2/5 levels left

rFire    . . .     SeeInvis .   a - +1 dagger
rCold    . . .     Gourm    .   (no shield)
rNeg     . . .     Faith    .   (helmet restricted)
rPois    .         Spirit   .   (no amulet)
rElec    .         Reflect  .   (no ring)
rCorr    .         Harm     .   (no ring)
MR       .....                  (no ring)
Stlth    ++++......             (no ring)
HPRegen  0.06/turn              (no ring)
MPRegen  0.09/turn              (no ring)
                                (no ring)
                                (no ring)

@: no status effects
A: almost no armour, stealthy swim, amphibious, 8 rings, constrict 8, camouflage
1, gelatinous body 1
a: no special abilities


You were on level 2 of the Dungeon.
You were not hungry.

You visited 1 branch of the dungeon, and saw 2 of its levels.

You collected 32 gold pieces.

Inventory:

Hand Weapons
 a - a +1 dagger (weapon)
 d - a +0 short sword
Scrolls
 e - a scroll of immolation {unknown}
 f - a scroll of noise {unknown}
 g - a scroll of identify {unknown}
 h - a scroll of remove curse {unknown}
Potions
 b - a potion of agility {unknown}
Comestibles
 c - 4 rations


   Skills:
 + Level 0.6 Fighting
 - Level 1.0 Short Blades
 + Level 2.2 Dodging
 + Level 4.2 Stealth
 * Level 1.2 Unarmed Combat
 - Level 2.0 Spellcasting
 - Level 3.0 Hexes
 * Level 0.5 Ice Magic


You had 2 spell levels left.
You knew the following spells:

 Your Spells              Type           Power        Failure   Level  Hunger
a - Corona                Hex            ##.....      5%          1    #......
b - Ensorcelled Hibernat  Hex/Ice        #.....       14%         2    ###....

Your spell library contained the following spells:

 Spells                   Type           Power        Failure   Level  Hunger
 Confuse                  Hex            ##......     17%         3    ###....
 Tukima's Dance           Hex            ##......     17%         3    ###....
 Dazzling Spray           Conj/Hex       #.....       30%         3    ###....


Dungeon Overview and Level Annotations

Branches:
Dungeon (2/15)

Altars:
Wu Jian


Innate Abilities, Weirdness & Mutations

You cannot wear most types of armour.
You are very stealthy in the water. (Stealth+)
You are amphibious.
You can wear up to eight rings at the same time.
You can use your tentacles to constrict eight enemies at once.
Your skin changes colour to match your surroundings (Stealth+).
Your rubbery body absorbs attacks. (AC +1, EV +1)


Message History

h - a scroll labeled WISEIM HUNIEGH You closely miss the hobgoblin.
You grab the hobgoblin. You squeeze the hobgoblin.
You constrict the hobgoblin, but do no damage.
You hit the hobgoblin. You squeeze the hobgoblin.
You kill the hobgoblin!
Things that are here:
a club; 5 gold pieces
Aiming: Ensorcelled Hibernation (safe; 14% risk of failure)
Aim: a worm (chance to defeat MR: 48%)
The worm resists with some effort.
Casting: Ensorcelled Hibernation (safe; 14% risk of failure)
Aiming: Ensorcelled Hibernation (safe; 14% risk of failure)
Aim: a worm (chance to defeat MR: 48%)
The worm looks drowsy...
The helpless worm fails to defend itself.
You puncture the worm! You grab the worm. You constrict the worm.
You hit the worm. You constrict the worm. The worm bites you!
Ouch! That really hurt!
You die...

# #+ .# # +.
..#. #. .#
#.... ..###
#.###.....
... #.......#
#.###..#
#....†.#
##.w@..#
..#####)##.##
........##.#
###.######.#
#.# #.# #.#
#.#######
#........ #


You could see a worm.

Vanquished Creatures
  A leopard gecko (D:1)
  2 goblins
  3 hobgoblins
  4 jackals (D:2)
  2 kobolds
  A bat (D:2)
  A frilled lizard (D:1)
  4 rats
18 creatures vanquished.

Notes
Turn   | Place    | Note
-------+----------+-------------------------------------------
     0 | D:1      | iamserjio the Octopode Enchanter began the quest for the
                  | Orb.
     0 | D:1      | Reached XP level 1. HP: 11/11 MP: 3/3
   128 | D:1      | Reached XP level 2. HP: 10/18 MP: 5/5
   153 | D:1      | Learned a level 2 spell: Ensorcelled Hibernation
   210 | D:2      | Reached skill level 1 in Unarmed Combat
   237 | D:2      | Found an ornate altar of the Wu Jian Council.
   298 | D:2      | Slain by a worm

Vault maps used:
D:1:      dpeg_arrival_fog
D:2:      nicolae_overflow_crystal_walls, lemuel_coloured_pillars_altar,
          lemuel_blue_sif_altar, nemelex_dance_club_becter

Skill      XL: |  1  2 |
---------------+-------+-----
Unarmed Combat | 1 |  1.2
Fighting       | |  0.6
Short Blades   | |  1.0
Dodging        | |  2.2
Stealth        | |  4.2
Spellcasting   | |  2.0
Hexes          | |  3.0
Ice Magic      | |  0.5

Action                   || total
-------------------------++-------
Melee: Dagger            ||    44
       Constrict         ||    12
       Tentacles         ||     8
 Cast: Ensorcelled Hiber ||     2
 Stab: Sleeping          ||     4
Armor: Skin              ||     1
Dodge: Dodged            ||    19

Table legend:
 A = Non-vault XP
 B = Vault XP
 C = Vault XP percentage of total XP
 D = Non-vault monster count
 E = Vault monster count
 F = Vault count percentage of total count
                 A         B        C        D         E       F
            +---------+---------+-------+---------+---------+-------
      Total |      29 |       0 |   0.0 |      18 |       0 |   0.0
            +---------+---------+-------+---------+---------+-------
        D:1 |      11 |       0 |   0.0 |       6 |       0 |   0.0
        D:2 |      18 |       0 |   0.0 |      12 |       0 |   0.0
            +---------+---------+-------+---------+---------+-------
